 Dungeon Crawl Stone Soup version 0.31.0-4-g52a2dc7128 (webtiles) character file.

Game seed: 3280841612610854943

59222 McKennaii the Eclecticist (level 14, -4/93 HPs)
             Began as a Demigod Conjurer on Jan 22, 2024.
             Shot with a bolt by a yaktaur captain (14 damage)
             ... on level 13 of the Dungeon.
             The game lasted 00:35:21 (26695 turns).

McKennaii the Eclecticist (Demigod Conjurer)       Turns: 26695, Time: 00:35:21

Health: -4/93      AC:  9    Str: 16    XL:     14   Next: 17%
Magic:  32/38      EV: 16    Int: 36    God:
Gold:   989        SH:  0    Dex: 12    Spells: 26/44 levels left

rFire   + . .        q - +5 hammer "Aclelikk" {venom, *Noise rPois rN++ Str+8}
rCold   . . .        (no shield)
rNeg    + + .        F - +1 leather armour {rF+}
rPois   +            l - +0 helmet
rElec   .            a - +2 cloak
rCorr   .            L - +0 pair of gloves
SInv    .            (no boots)
Will    +....        (no amulet)
Stlth   ++           h - +4 ring of slaying
HPRegen 0.35/turn    G - +5 ring of evasion
MPRegen 0.26/turn

%: no passive effects
@: studying Shapeshifting
A: high MP 1, forlorn, divine attributes
a: no special abilities


You were on level 13 of the Dungeon.
You visited 2 branches of the dungeon, and saw 18 of its levels.

You collected 989 gold pieces.

Inventory:

Hand Weapons
 q - the +5 hammer "Aclelikk" (weapon) {venom, *Noise rPois rN++ Str+8}
   (You found it on level 2 of the Dungeon)

   Str+8:     It affects your strength (+8).
   rPois:     It protects you from poison rN++: It greatly protects you from
   negative energy.
   *Noise:    It may make a loud noise when swung.
Missiles
 I - a throwing net
Armour
 a - a +2 cloak (worn)
 l - a +0 helmet (worn)
 F - a +1 leather armour of fire resistance (worn)
 L - a +0 pair of gloves (worn)
 R - the +7 scale mail of the Vestibule of Hell {rC+}
   (You found it on level 5 of the Lair of Beasts)

   rC+:       It protects you from cold.
Magical Staves
 P - a staff of air
Jewellery
 f - a ring of protection from cold
 h - a +4 ring of slaying (left hand)
 C - a ring of protection from fire
 G - a +5 ring of evasion (right hand)
 M - a +6 ring of strength
 O - a ring of positive energy
Wands
 z - a wand of iceblast (9)
 N - a wand of mindburst (11)
 T - a wand of paralysis (3)
Scrolls
 c - 5 scrolls of enchant armour
 e - a scroll of fear
 g - a scroll of poison
 m - a scroll of silence
 s - 4 scrolls of teleportation
 t - 2 scrolls of brand weapon
 u - 4 scrolls of immolation
 y - 3 scrolls of vulnerability
 A - a scroll of amnesia
 E - a scroll of enchant weapon
 H - 2 scrolls of butterflies {unknown}
Potions
 b - 3 potions of magic
 d - 6 potions of curing
 i - 7 potions of mutation
 j - 3 potions of lignification
 k - 3 potions of enlightenment
 n - 2 potions of attraction
 p - 5 potions of might
 r - 3 potions of haste {unknown}
 w - 2 potions of berserk rage {unknown}
 x - a potion of cancellation {unknown}
 B - 5 potions of heal wounds
 D - 4 potions of brilliance {unknown}
 J - 2 potions of ambrosia
 K - a potion of degeneration {unknown}
 S - a potion of resistance {unknown}
Miscellaneous
 Q - a phial of floods


   Skills:
 - Level 1.7 Dodging
 - Level 1.7 Stealth
 + Level 15.5 Spellcasting
 - Level 13.2 Conjurations
 + Level 11.3 Fire Magic


You had 26 spell levels left.
You knew the following spells:

 Your Spells              Type           Power      Damage    Failure   Level
a - Magic Dart            Conj           100%       1d8       0%          1
b - Searing Ray           Conj           100%       2d8       0%          2
c - Iskenderun's Mystic   Conj/Tloc      66%        2d14      1%          4
d - Stone Arrow           Conj/Erth      100%       3d13      1%          3
g - Ignition              Fire           41%        3d12      69%         8

Your spell library contained the following spells:

 Spells                   Type           Power      Damage    Failure   Level
 Apportation              Tloc           54%        N/A       1%          1
 Kiss of Death            Conj/Necr      100%       2d13      1%          1
 Inner Flame              Hex/Fire       62%        N/A       1%          3
 Fulminant Prism          Conj/Alch      33%        3d15      1%          4
 Jinxbite                 Hex            54%        N/A       2%          2
 Irradiate                Conj/Alch      33%        3d22      3%          5
 Call Canine Familiar     Summ           27%        N/A       4%          3
 Confusing Touch          Hex            27%        N/A       4%          3
 Frozen Ramparts          Ice            54%        1d9       4%          3
 Tukima's Dance           Hex            27%        N/A       4%          3
 Animate Armour           Summ/Erth      54%        N/A       16%         4
 Animate Dead             Necr           27%        N/A       16%         4
 Dimensional Bullseye     Hex/Tloc       13%        N/A       16%         4
 Dispel Undead            Necr           27%        3d13      16%         4
 Leda's Liquefaction      Alch/Erth      13%        N/A       16%         4
 Petrify                  Alch/Erth      27%        N/A       16%         4
 Alistair's Intoxication  Alch           18%        N/A       41%         5
 Borgnjor's Vile Clutch   Necr/Erth      13%        N/A       41%         5
 Metabolic Englaciation   Hex/Ice        13%        N/A       41%         5
 Summon Forest            Summ/Tloc      13%        N/A       41%         5
 Death Channel            Necr           13%        N/A       94%         6
 Eringya's Noxious Bog    Alch           13%        4d6       94%         6
 Summon Hydra             Summ           13%        N/A       100%        7
 Lehudib's Crystal Spear  Conj/Erth      33%        10d8      100%        8
 Summon Horrible Things   Summ           13%        N/A       100%        8


Dungeon Overview and Level Annotations

Branches:
Dungeon (13/15)            Temple (0/1) D:6            Lair (5/5) D:11
 Shoals (0/4) Lair:2       Spider (0/4) Lair:2        Slime (0/5) Lair:4
    Orc (0/2) D:9
 Vaults: D:13-14

Annotations:
D:13 Erolcha


Innate Abilities, Weirdness & Mutations

You have an increased reservoir of magic. (+10% MP)
You shall have no god before yourself.
Your divine heritage dramatically boosts your attributes as you level up.


Message History

You erupt in a blast of force!
The mystic blast hits something!!
Reactivating autopickup.
You feel a bit more experienced.
Unknown command.
HP restored.
Magic restored.
A yaktaur captain comes into view.
The yaktaur captain shouts!
The yaktaur captain wields a +0 arbalest.
The yaktaur captain shoots a bolt.
The bolt hits you!!
As you read the scroll of fog, it dissolves into smoke.
The yaktaur captain shoots a bolt.
The bolt hits you!!
As you read the scroll of teleportation, it crumbles to dust.
You feel strangely unstable.
Your surroundings suddenly seem different.
Found a chain mail.
The yaktaur captain shoots a bolt.
The bolt closely misses you.
The yaktaur captain shoots a bolt.
The bolt barely misses you.
You start resting.
A yaktaur captain is nearby!
Casting: Iskenderun's Mystic Blast (mildly dangerous; 1% risk of failure)
Confirm with . or Enter, or press ? or * to list all spells.
Aiming: Stone Arrow (safe; 1% risk of failure)
Press: ? - help, Shift-Dir - straight line, f - yaktaur captain
Aim: a yaktaur captain, wielding a +0 arbalest (92% to hit)
The stone arrow hits the yaktaur captain!
The yaktaur captain is moderately wounded.
The yaktaur captain shoots a bolt.
The bolt hits you!!
* * * LOW HITPOINT WARNING * * *
Unknown command.
Unknown command.
Casting: Stone Arrow (safe; 1% risk of failure)
Confirm with . or Enter, or press ? or * to list all spells.
Aiming: Stone Arrow (safe; 1% risk of failure)
Press: ? - help, Shift-Dir - straight line, f/p - yaktaur captain
Aim: a yaktaur captain, wielding a +0 arbalest (moderately wounded, 92% to hit)
The stone arrow hits the yaktaur captain!!
The yaktaur captain is heavily wounded.
The yaktaur captain shoots a bolt.
The bolt hits you!
You die...

#....<.#.. ..... ###
##.....#. ..... #.....#.
..... #..#...#####...#..
#(..##'.....'# . ..#...
#.#...# ..
#......###..c..###...
...#..#...#.#.#...#.. .#
.......@#........ #####.#
#########........ ......#
...# #.........
..†..#######.####.....[...
)....##...................
.....#....................
......:........##.........
...............###.......#
........§§§....# .........


You could see a yaktaur captain.

Vanquished Creatures
  A reaper (Lair:5)
  The ghost of Dunwar the Spear-Bearer, a journeyman GnCK of Xom (Lair:1)
  Harold (D:10)
  2 centaur warriors (D:13)
  A merfolk avatar (Lair:5)
  A catoblepas (Lair:5)
  3 boulder beetles
  A death yak (Lair:4)
  2 two-headed ogres
  Urug (Lair:2)
  3 skysharks
  2 sea snakes (Lair:5)
  2 harpies (Lair:2)
  2 deep elf pyromancers (D:12)
  A cyclops (D:12)
  2 ugly things
  2 manticores (D:13)
  7 elephants
  4 black mambas
  4 meliai
  A torpor snail (Lair:5)
  3 gargoyles
  10 cane toads
  2 rime drakes (Lair:5)
  5 kobold demonologists
  An unseen horror (D:13)
  12 komodo dragons
  A queen bee (Lair:1)
  4 polar bears
  6 trolls
  A wind drake (Lair:5)
  3 hornets
  25 blink frogs
  4 slime creatures
  2 wraiths
  3 vampires
  8 wyverns
  58 yaks
  4 basilisks
  A human (Lair:5)
  4 steam dragons
  7 vampire mosquitoes (D:13)
  An acid dragon (D:10)
  16 water moccasins
  2 ice beasts
  5 orc warriors
  3 sky beasts
  2 black bears
  An ogre (D:5)
  7 centaurs
  24 wolves
  7 kobold brigands
  10 bullfrogs
  3 scorpions
  5 wights (D:9)
  26 killer bees
  9 howler monkeys
  5 jellies
  A bombardier beetle (D:4)
  12 orc priests
  A hound (D:4)
  Crazy Yiuf (D:2)
  4 iguanas
  9 orc wizards
  Robin (D:2)
  10 adders
  2 ufetubi (D:5)
  6 dart slugs
  4 ribbon worms (D:2)
  39 orcs
  6 ball pythons
  4 bats
  10 endoplasms
  4 giant cockroaches
  9 goblins
  6 hobgoblins
  3 jackals (D:5)
  19 kobolds
  A quokka (D:5)
  2 frilled lizards
  4 rats
492 creatures vanquished.

Vanquished Creatures (others)
  A manticore (Lair:5)
  A kobold brigand (D:13)
  A butterfly (D:7)
3 creatures vanquished.

Grand Total: 495 creatures vanquished

Notes
Turn   | Place    | Note
-------+----------+-------------------------------------------
     0 | D:1      | McKennaii the Demigod Conjurer began the quest for the Orb.
     0 | D:1      | Reached XP level 1. HP: 14/14 MP: 5/5
     3 | D:1      | Noticed an electric eel
     4 | D:1      | Noticed an electric eel
   125 | D:1      | Reached skill level 2 in Spellcasting
   352 | D:1      | Reached XP level 2. HP: 7/20 MP: 1/7
   801 | D:2      | Learned a level 2 spell: Searing Ray
  1024 | D:2      | Reached XP level 3. HP: 3/26 MP: 1/9
  1125 | D:2      | Noticed Robin
  1140 | D:2      | Killed Robin
  1464 | D:2      | Reached skill level 3 in Spellcasting
  1464 | D:2      | Reached XP level 4. HP: 31/33 MP: 0/11
  1849 | D:2      | Learned a level 4 spell: Iskenderun's Mystic Blast
  1940 | D:2      | Found a runed translucent door.
  1941 | D:2      | Noticed Crazy Yiuf
  1942 | D:2      | Identified the +5 hammer "Aclelikk" {venom, *Noise rPois
                  | rN++ Str+8}
  1949 | D:2      | Killed Crazy Yiuf
  2248 | D:3      | Reached skill level 5 in Conjurations
  2248 | D:3      | Reached XP level 5. HP: 21/38 MP: 11/13
  3025 | D:4      | Reached skill level 4 in Spellcasting
  3136 | D:4      | Reached XP level 6. HP: 45/45 MP: 8/15
  3764 | D:5      | Entered Level 5 of the Dungeon
  3924 | D:5      | Reached XP level 7. HP: 39/50 MP: 3/17
  4053 | D:5      | Reached skill level 5 in Spellcasting
  5514 | D:6      | Found a staircase to the Ecumenical Temple.
  5759 | D:7      | Reached skill level 6 in Spellcasting
  5759 | D:7      | Reached XP level 8. HP: 57/57 MP: 13/20
  6562 | D:7      | Noticed a hornet
  6573 | D:7      | Killed a hornet
  6574 | D:7      | Reached skill level 7 in Spellcasting
  7328 | D:8      | Learned a level 3 spell: Stone Arrow
  7475 | D:8      | Reached XP level 9. HP: 55/62 MP: 17/24
  7597 | D:8      | Noticed a kobold demonologist
  7881 | D:8      | Reached skill level 8 in Spellcasting
  7951 | D:8      | Noticed a kobold demonologist
  7953 | D:8      | Noticed a kobold demonologist
  7955 | D:8      | Killed a kobold demonologist
  7975 | D:8      | Killed a kobold demonologist
  7986 | D:8      | Killed a kobold demonologist
  7987 | D:8      | Reached skill level 10 in Conjurations
  8751 | D:9      | Reached skill level 9 in Spellcasting
  8757 | D:9      | Reached XP level 10. HP: 64/69 MP: 8/27
  9505 | D:9      | Reached skill level 10 in Spellcasting
  9680 | D:9      | Noticed a meliai
  9681 | D:9      | Noticed a meliai
  9682 | D:9      | Noticed a meliai
  9685 | D:9      | Killed a meliai
  9686 | D:9      | Killed a meliai
  9688 | D:9      | Killed a meliai
  9798 | D:9      | Found a staircase to the Orcish Mines.
 10250 | D:10     | Entered Level 10 of the Dungeon
 10279 | D:10     | Reached XP level 11. HP: 67/74 MP: 6/30
 11253 | D:10     | Noticed Harold
 11259 | D:10     | Killed Harold
 11302 | D:10     | Reached skill level 11 in Spellcasting
 11733 | D:11     | Noticed a two-headed ogre
 11745 | D:11     | Killed a two-headed ogre
 12160 | D:11     | Found a staircase to the Lair.
 12892 | D:11     | Noticed a boulder beetle
 12904 | D:11     | Killed a boulder beetle
 13234 | Lair:1   | Entered Level 1 of the Lair of Beasts
 13463 | Lair:1   | Learned a level 8 spell: Ignition
 13545 | Lair:1   | Reached skill level 1 in Fire Magic
 13547 | Lair:1   | Reached skill level 12 in Spellcasting
 13777 | Lair:1   | Reached XP level 12. HP: 71/81 MP: 21/33
 13790 | Lair:1   | Noticed Dunwar's ghost (journeyman GnCK)
 13916 | Lair:1   | Found a transporter.
 13921 | Lair:1   | Found a transporter.
 14816 | Lair:1   | Reached skill level 5 in Fire Magic
 15176 | Lair:2   | Reached skill level 13 in Spellcasting
 16080 | Lair:1   | Killed Dunwar's ghost
 17136 | Lair:2   | Found a staircase to the Shoals.
 17160 | Lair:2   | Found a hole to the Spider Nest.
 17707 | Lair:2   | Noticed Urug
 17714 | Lair:2   | Killed Urug
 18806 | Lair:3   | Reached XP level 13. HP: 72/86 MP: 18/35
 19715 | Lair:4   | Found a staircase to the Slime Pits.
 19842 | Lair:4   | Reached skill level 14 in Spellcasting
 20958 | Lair:5   | Entered Level 5 of the Lair of Beasts
 22269 | Lair:5   | Found a runed translucent door.
 22675 | Lair:5   | Reached skill level 10 in Fire Magic
 23521 | Lair:5   | Got the Commentary on Leadership and the Fifth Circle
 23578 | Lair:5   | Noticed a reaper
 23819 | Lair:5   | Killed a reaper
 23820 | Lair:5   | Reached skill level 15 in Spellcasting
 23821 | Lair:5   | Identified the +7 scale mail of the Vestibule of Hell {rC+}
 25043 | D:12     | Reached XP level 14. HP: 93/93 MP: 26/38
 25696 | D:13     | Noticed Erolcha
 25923 | D:13     | HP: 3/93 [centaur warrior/arrow (5)]
 26695 | D:13     | Shot with a bolt by a yaktaur captain

Illustrated notes

Levels and vault maps discovered:
D:1:      arrival_aquarium_b, layout_rooms, basic_ecumenical_altar,
          moated_statue, nicolae_houndstooth_variations
D:2:      cheibrodos_helix_gallery, layout_loops_ring,
          nicolae_elevator_lobby_plus, uniq_robin, uniq_crazy_yiuf_cottage
D:3:      layout_rooms, mainiacjoe_overflow_alcove_1
D:4:      layout_rooms, kennysheep_little_box, moated_statue
D:5:      nicolae_cairo_tiling_large_dashed, layout_loops_ring,
          mainiacjoe_overflow_two_lobes, kennysheep_small_spiral,
          kennysheep_minor_cross
D:6:      layout_rooms, kennysheep_mini, minmay_temple_entry_hall
D:7:      layout_loops_ring, nicolae_elyvilon_peaceful_grove, ashenzari_altar_1
D:8:      layout_basic, dk_noncrumbling_3
D:9:      layout_basic, hiddenorc1_lemuel, minivault_26
D:10:     layout_irregular_city, grunt_temple_overflow_open, uniq_harold
D:11:     layout_basic, minmay_lair_entry_grove, kennysheep_slug_shrine
D:12:     layout_rooms, grunt_decor_one_mirror
D:13:     layout_rooms, david_vaults_2, minmay_fractal_squares_diagonal_5,
          uniq_erolcha
Lair:1:   layout_roguey, gammafunk_ghost_hive, beast_lair_carwin_5
Lair:2:   layout_chaotic_city, nicolae_shoals_entry_roost,
          hellmonk_spider_entry_not_the_bees, fungi_pond_lemuel, uniq_urug
Lair:3:   layout_cellular_growth
Lair:4:   layout_cave_pods, minmay_slime_entry_pillars, serial_rivers,
          chequers_serial_rivers_small_a, chequers_serial_rivers_micro_c,
          chequers_serial_rivers_room_a, chequers_serial_rivers_small_b,
          chequers_serial_rivers_micro_b
Lair:5:   gammafunk_lair_ancient_temple, layout_gridlike,
          pdpol_lair_cabin_in_the_woods

Skill      XL: |  1  2  3  4  5  6  7  8  9 10 11 12 13 14 |
---------------+-------------------------------------------+-----
Spellcasting   | 2 3 4 6 7 9 10 12 13 15 | 15.5
Conjurations   | 4 5 6 7 8 10 12 13 | 13.2
Fire Magic     | 3 7 10 11 | 11.3
Dodging        | |  1.7
Stealth        | |  1.7

Action                     |  1- 3 |  4- 6 |  7- 9 | 10-12 | 13-15 || total
---------------------------+-------+-------+-------+-------+-------++-------
  Melee: Unarmed           |    15 |       |       |       |       ||    15
         Dagger            |     3 |    15 |       |       |       ||    18
         Mace              |       |    30 |    51 |    51 |    12 ||   144
         Punch             |       |       |     1 |     2 |       ||     3
   Cast: Magic Dart        |    63 |    75 |   148 |    58 |       ||   344
         Searing Ray       |     3 |    15 |    36 |    28 |       ||    82
         Iskenderun's Myst |       |       |    18 |    83 |    79 ||   180
         Stone Arrow       |       |       |       |   207 |   282 ||   489
  Evoke: Wand              |       |       |       |     3 |     3 ||     6
    Use: Potion            |     1 |       |       |       |     1 ||     2
         Scroll            |       |       |     9 |     9 |    10 ||    28
 Armour: Robe              |    32 |    55 |    55 |       |       ||   142
         Leather armour    |       |       |    55 |   194 |   186 ||   435
  Dodge: Dodged            |    40 |    57 |   121 |   204 |   158 ||   580
